 Dungeon Crawl Stone Soup version 0.17-a0-649-g87edefa (webtiles) character file.

19961 xeno23 the Schismatic (level 12, 0/95 HPs)
             Began as a Demonspawn Abyssal Knight on Apr 17, 2015.
             Was an Elder of Lugonu.
             Splashed by an oklob plant's acid (17 damage)
             ... on level 6 of the Lair of Beasts.
             The game lasted 02:08:54 (20504 turns).

xeno23 the Schismatic (Demonspawn Abyssal Knight)  Turns: 20504, Time: 02:08:59

Health: 0/95       AC: 14    Str: 16    XL:     12   Next: 41%
Magic:  12/19      EV:  8    Int: 14    God:    Lugonu [****..]
Gold:   854        SH:  6    Dex: 14    Spells: 1 memorised, 8 levels left

rFire  + . .     SeeInvis .     p - +3 short sword (speed)
rCold  + . .     Clarity  .     E - +2 gold dragon armour
rNeg   . . .     SustAb   .     r - +1 buckler
rPois  +         Gourm    .     (helmet restricted)
rElec  .         Spirit   .     (no cloak)
rCorr  .         Warding  .     (no gloves)
rMut   .         Rnd*Tele +     x - +1 pair of boots
MR     .....                    (no amulet)
Stlth  ..........               W - +1 ring of evasion
                                R - +3 ring of evasion

@: lethally poisoned (0 -> -2), corroded equipment, not resistant to hostile
enchantments, extremely unstealthy
A: antennae 1, iridescent scales 1, powered by death 3, teleportitis 1, rot
immunity
a: Depart the Abyss, Bend Space, Banish, Corrupt, Renounce Religion


You were on level 6 of the Lair of Beasts.
You worshipped Lugonu.
Lugonu was greatly pleased with you.
You were near starving.

You visited 3 branches of the dungeon, and saw 18 of its levels.
You visited the Abyss 1 time.

You collected 854 gold pieces.

Inventory:

Hand weapons
 p - a +3 short sword of speed (weapon)
 D - a +0 hunting sling of flaming
 T - a +2 dagger of distortion
Missiles
 g - 38 sling bullets
 q - 241 stones
 y - 38 poisoned needles
 B - 14 tomahawks (quivered)
Armour
 r - a +1 buckler (worn)
 x - a +1 pair of boots (worn)
 E - a +2 gold dragon armour (worn)
 F - a +4 ring mail
 K - a +0 large shield
 X - the +2 robe of Devotion {rC++ rN++}
   (You found it on level 10 of the Dungeon)

   It greatly protects you from cold.
   It greatly protects you from negative energy.
Rods
 Z - a +1 rod of clouds (13/13)
   (You found it on level 5 of the Lair of Beasts)
Jewellery
 j - an uncursed ring of flight {unknown}
 R - a +3 ring of evasion (left hand)
 W - a +1 ring of evasion (right hand)
Magical devices
 d - a wand of disintegration (8)
 s - a wand of paralysis (4)
 z - a wand of slowing (7)
 I - a wand of lightning (11)
 L - a wand of disintegration (2)
 M - a wand of fire (8)
Scrolls
 a - a scroll of amnesia
 m - 2 scrolls of enchant armour
 n - 3 scrolls of fear
 G - a scroll of fog
 O - a scroll of recharging
 U - 3 scrolls of remove curse
 V - a scroll of teleportation
Potions
 b - a potion of resistance {unknown}
 e - 4 potions of invisibility
 f - 4 potions of restore abilities
 i - a potion of haste {unknown}
 o - 2 potions of lignification {unknown}
 t - 2 potions of curing
 u - a potion of berserk rage {unknown}
 v - a potion of might {unknown}
 w - 3 potions of agility {unknown}
 A - 5 potions of brilliance
 C - 2 potions of flight {unknown}
 H - a potion of magic {unknown}
 N - 3 potions of ambrosia
 P - a potion of cure mutation {unknown}
 Q - a potion of poison {unknown}
 S - 2 potions of cancellation {unknown}
 Y - a potion of heal wounds {unknown}
Miscellaneous
 k - a fan of gales
Comestibles
 c - 8 bread rations
 h - 6 royal jellies
 l - 4 meat rations
 J - 18 fruits


   Skills:
 + Level 9.0 Fighting
 + Level 2.6(5.0) Short Blades
   Level 6.6(6.9) Long Blades
 + Level 7.8 Armour
 + Level 8.2 Dodging
 - Level 5.0 Shields
 + Level 2.8 Hexes
 + Level 4.4 Charms
 - Level 10.5 Invocations
 + Level 5.5 Evocations


You had 8 spell levels left.
You knew the following spells:

 Your Spells              Type           Power        Failure   Level  Hunger
a - Spectral Weapon       Hex/Chrm       ##......     100%        3    ####...


Dungeon Overview and Level Annotations

Branches:
Dungeon (11/15)            Temple (1/1) D:4            Lair (6/8) D:10
  Swamp (0/5) Lair:5
  Snake: Lair:3-6    Spider: Lair:3-6     Slime: Lair:6-8       Orc: D:9-12

Altars:
Ashenzari
Cheibriados
Dithmenos
Elyvilon
Fedhas
Gozag
Kikubaaqudgha
Makhleb
Nemelex Xobeh
Okawaru
Qazlal
Ru
Sif Muna
Trog
Vehumet
Xom
Yredelemnul
Zin
The Shining One

Annotations:
Lair:2 Fannar, Gastronok
Lair:6 corrupted, exclusion: oklob plant
Abyss:1 Erolcha


Innate Abilities, Weirdness & Mutations

You have a pair of small antennae on your head.
You are partially covered in iridescent scales (AC +4).
You can steal the life force of all defeated enemies in sight.
You are immune to rotting.
You are occasionally teleported to nearby monsters.


Message History

The seven-headed hydra writhes in pain as voices assail its mind.
The oklob plant spits acid at you. The splash of acid hits you!
The acid corrodes your equipment!
The acid burns!
* * * LOW HITPOINT WARNING * * *
You take 18 damage.
Read which item? (? for menu, Esc to quit)
Okay, then.
Use which ability? (? or * to list) Space bends sharply around you!
The seven-headed hydra blinks!
The starcursed mass blinks!
You blink.
* * * LOW HITPOINT WARNING * * *
You feel slightly more hungry.
The starcursed mass shudders and withdraws towards its neighbour. x2
A crocodile comes into view.
You feel sick.
The starcursed mass engulfs the starcursed mass but does no damage.
A starcursed mass splits.
The oklob plant spits acid at you. The splash of acid hits you!
The acid corrodes your equipment!
The acid burns!
You die...

.....PP..##PW.##
......Z##.XX##W#
.........X##.##
.....#D.5X.§##
..#.......§##
........###
.###.....#
###...# #.@.#
#....# .....P#
...P#P..#
.....##..## ..P#
.!P# .P ...#
.t.# ..#


You could see a starcursed mass, a seven-headed hydra, an oklob plant, a
crocodile, 3 neutral starcursed masses, a neutral iron imp and a neutral ettin
zombie.

Vanquished Creatures
  Pikel (D:4)
  4 elephants (Lair:5)
  2 black mambas
  4 spiny frogs
  Psyche (D:8)
  A fire drake (Lair:5)
  3 blink frogs (Lair:3)
  A hungry ghost (D:8)
  A wyvern (Lair:5)
  A vampire mosquito (Lair:5)
  6 hippogriffs
  7 yaks (Lair:3)
  8 wolves
  A slave (D:4)
  7 water moccasins
  3 ice beasts (Lair:2)
  11 porcupines
  2 black bears
  A phantom (D:6)
  A sky beast (D:6)
  6 centaurs
  A necrophage (D:7)
  5 ogres
  2 boring beetles
  7 crocodiles
  17 giant frogs
  A scorpion (D:5)
  2 killer bees (D:9)
  6 hounds
  A goliath beetle (D:9)
  A centaur zombie (D:10)
  A jelly (D:11)
  3 crimson imps
  4 orc wizards
  5 orc priests
  2 giant frog skeletons
  2 iguanas
  8 worker ants
  4 sheep (Lair:4)
  47 river rats
  9 adders
  3 gnolls (D:3)
  3 shadow imps
  An adder zombie (D:7)
  A worm (D:2)
  5 giant geckos
  39 orcs
  A ball python (D:1)
  7 giant cockroaches
  11 goblins
  13 hobgoblins
  15 jackals
  14 kobolds
  2 quokkas
  11 bats
  A giant gecko zombie (D:8)
  4 giant newts
  A giant spore (D:8)
  A quokka zombie (D:8)
  15 rats
  4 ballistomycetes
352 creatures vanquished.

Vanquished Creatures (others)
  3 hydras
  A fire crab (Lair:5)
  An ugly thing (D:9)
  2 elephants (Lair:5)
  2 black mambas
  A spiny frog (Lair:1)
  2 komodo dragons
  A fire drake (Lair:3)
  A blink frog (Lair:3)
  7 yaks
  A hippogriff (D:8)
  4 water moccasins
  A steam dragon (Lair:2)
  2 vampire mosquitoes (Lair:5)
  A neqoxec (Lair:6)
  2 wolves (Lair:4)
  2 orc warriors
  A black bear (Lair:1)
  A wasp (D:8)
  A crocodile (D:10)
  A giant frog (Lair:6)
  2 killer bees (D:9)
  An electric eel (Lair:1)
  2 iguanas
  A hound skeleton (D:9)
  3 river rats
  A shadow imp (D:9)
  An adder (D:5)
  An orc (D:11)
  A quokka (D:4)
  2 giant spores
  3 fungi
  A plant (Lair:5)
57 creatures vanquished.

Grand Total: 409 creatures vanquished

Notes
Turn   | Place    | Note
--------------------------------------------------------------
     0 | Abyss:1  | xeno23, the Demonspawn Abyssal Knight, began the quest for the Orb.
     0 | Abyss:1  | Reached XP level 1. HP: 18/18 MP: 2/2
    50 | D:1      | Escaped the Abyss
   107 | D:1      | Reached skill level 1 in Dodging
   199 | D:1      | Gained mutation: You can steal the life force of nearby defeated enemies. [demonic ancestry]
   199 | D:1      | Reached XP level 2. HP: 22/24 MP: 3/3
   413 | D:1      | Acquired Lugonu's second power
   516 | D:1      | Reached XP level 3. HP: 24/29 MP: 3/5
  1388 | D:3      | Gained mutation: You are immune to rotting. [demonic ancestry]
  1388 | D:3      | Reached XP level 4. HP: 35/35 MP: 6/6
  1624 | D:3      | Acquired Lugonu's third power
  1840 | D:3      | Gained mutation: You can steal the life force of defeated enemies. [demonic ancestry]
  1840 | D:3      | Reached XP level 5. HP: 38/41 MP: 7/7
  1979 | D:3      | Found a blossoming altar of Fedhas.
  1979 | D:3      | Found an ancient bone altar of Kikubaaqudgha.
  1995 | D:3      | Found a shadowy altar of Dithmenos.
  2326 | D:4      | Reached skill level 4 in Fighting
  2531 | D:4      | Reached XP level 6. HP: 38/48 MP: 8/8
  2907 | D:4      | Noticed a slave
  2914 | D:4      | Noticed Pikel
  3020 | D:4      | Killed a slave
  3087 | D:4      | Noticed an ogre
  3152 | D:4      | Killed an ogre
  3217 | D:4      | Found a staircase to the Ecumenical Temple.
  3245 | Temple   | Entered the Ecumenical Temple
  3260 | Temple   | Reached skill level 1 in Shields
  3404 | D:4      | Reached XP level 7. HP: 28/55 MP: 10/10
  3450 | D:4      | Noticed a slave
  3452 | D:4      | Noticed a slave
  3517 | D:4      | Killed Pikel
  3517 | D:4      | Reached skill level 5 in Invocations
  3517 | D:4      | Gained mutation: You can steal the life force of all defeated enemies in sight. [demonic ancestry]
  3517 | D:4      | Reached XP level 8. HP: 61/61 MP: 11/11
  4257 | D:5      | Entered Level 5 of the Dungeon
  4263 | D:5      | Noticed a freed slave
  4332 | D:5      | Acquired Lugonu's fourth power
  4437 | D:5      | Reached skill level 5 in Fighting
  6096 | D:6      | Reached skill level 6 in Invocations
  6803 | D:6      | Identified the Disquisition on Burning Protection
  6877 | D:6      | Found a burning altar of Makhleb.
  6879 | D:6      | Found a stormy altar of Qazlal.
  7472 | D:7      | Reached XP level 9. HP: 63/69 MP: 13/13
  7576 | D:7      | Reached skill level 5 in Long Blades
  7603 | D:7      | Reached skill level 5 in Dodging
  7757 | D:7      | Found a radiant altar of Vehumet.
  7816 | D:7      | Found a bloodstained altar of Trog.
  7816 | D:7      | Found a sacrificial altar of Ru.
  7821 | D:7      | Found a shimmering altar of Xom.
  7824 | D:7      | Found a basalt altar of Yredelemnul.
  8336 | D:7      | Found a glowing golden altar of the Shining One.
  8336 | D:7      | Found a glowing silver altar of Zin.
  8337 | D:7      | Found a white marble altar of Elyvilon.
  8803 | D:8      | Reached skill level 5 in Armour
  8834 | D:8      | Noticed Psyche
  9054 | D:8      | Reached skill level 7 in Invocations
  9160 | D:8      | Noticed Erolcha
  9163 | D:8      | Banished Erolcha
  9375 | D:8      | Killed Psyche
 10057 | D:8      | Gained mutation: You have a pair of small antennae on your head. [demonic ancestry]
 10057 | D:8      | Reached XP level 10. HP: 73/77 MP: 15/15
 11479 | D:9      | Reached skill level 8 in Invocations
 11983 | D:10     | Entered Level 10 of the Dungeon
 12039 | D:10     | Found a staircase to the Lair.
 12087 | D:10     | Noticed a skeletal warrior
 12087 | D:10     | Noticed a skeletal warrior
 12087 | D:10     | Noticed a skeletal warrior
 12088 | D:10     | Noticed a skeletal warrior
 12485 | D:10     | Noticed a skeletal warrior
 12514 | D:9      | Learned a level 3 spell: Spectral Weapon
 12569 | D:9      | Noticed a white ugly thing
 12571 | D:9      | Banished a white ugly thing
 12611 | D:10     | Got a dull robe
 12622 | D:10     | Identified the +2 robe of Devotion {rC++ rN++} (You found it on level 10 of the Dungeon)
 12823 | Lair:1   | Entered Level 1 of the Lair of Beasts
 13059 | Lair:1   | Reached skill level 5 in Shields
 13059 | Lair:1   | Reached skill level 1 in Charms
 13650 | Lair:1   | Got a transparent robe
 13661 | Lair:1   | Identified the +1 robe "Wovaakh" {+Inv rPois Int-5} (You found it on level 1 of the Lair of Beasts)
 14420 | Lair:1   | Identified a scroll of acquirement
 14421 | Lair:1   | Got a translucent hand crossbow
 14422 | Lair:1   | Identified the +8 hand crossbow of Pride {venom, Contam rN+++ Int+7} (You acquired it on level 1 of the Lair of Beasts)
 14439 | Lair:1   | Gained mutation: You are occasionally teleported to nearby monsters. [mutagenic glow]
 14518 | Lair:2   | Reached skill level 9 in Invocations
 14518 | Lair:2   | Reached skill level 1 in Evocations
 14598 | Lair:2   | Noticed Fannar
 14749 | Lair:3   | You fall through a shaft!
 14979 | Lair:4   | Gained mutation: You are partially covered in iridescent scales (AC +4). [demonic ancestry]
 14979 | Lair:4   | Reached XP level 11. HP: 65/84 MP: 17/17
 15071 | Lair:4   | Noticed a six-headed hydra
 15072 | Lair:4   | Banished a six-headed hydra
 15074 | Lair:4   | Noticed a five-headed hydra
 15075 | Lair:4   | Banished a five-headed hydra
 17020 | Lair:3   | Reached skill level 10 in Invocations
 17382 | Lair:3   | Acquired Lugonu's fifth power
 17382 | Lair:3   | Reached skill level 1 in Short Blades
 17692 | Lair:2   | Noticed a five-headed hydra
 17695 | Lair:2   | Banished a five-headed hydra
 17697 | Lair:2   | Noticed Gastronok
 18362 | Lair:2   | Noticed a black mamba
 18374 | Lair:2   | Banished a black mamba
 18784 | Lair:5   | Reached XP level 12. HP: 79/94 MP: 19/19
 18916 | Lair:5   | Noticed a fire crab
 18970 | Lair:5   | Found a staircase to the Swamp.
 18977 | Lair:5   | Identified a +1 rod of clouds (13/13) (You found it on level 5 of the Lair of Beasts)
 19154 | Lair:5   | Reached skill level 1 in Hexes
 19222 | Lair:5   | Reached skill level 5 in Evocations
 19316 | Lair:5   | Banished a fire crab
 20421 | Lair:6   | Noticed a seven-headed hydra
 20492 | Lair:6   | Corrupted Lair:6
 20494 | Lair:6   | Noticed a starcursed mass
 20495 | Lair:6   | Noticed a hellephant
 20504 | Lair:6   | Splashed by an oklob plant's acid

Action                   |  1- 3 |  4- 6 |  7- 9 | 10-12 || total
-------------------------+-------+-------+-------+-------++-------
Melee: Falchion          |   168 |   230 |       |       ||   398
       Short sword       |       |    90 |   690 |   343 ||  1123
       Dagger            |       |       |    48 |  1229 ||  1277
       Trident           |       |       |       |   147 ||   147
 Fire: Hunting sling     |       |     3 |     6 |    14 ||    23
Throw: Stone             |     6 |     2 |       |    16 ||    24
       Tomahawk          |       |     5 |    26 |    69 ||   100
Invok: Bend Space        |       |     1 |     4 |     9 ||    14
       Banish            |       |       |     7 |    12 ||    19
       Corrupt           |       |       |       |     1 ||     1
Evoke: Wand              |       |       |       |     6 ||     6
       Rod               |       |       |       |     1 ||     1
  Use: Scroll            |       |     6 |    14 |    12 ||    32
       Potion            |       |       |       |     2 ||     2
  Eat: Chunk             |     1 |     8 |    17 |    32 ||    58
       Beef jerky        |       |       |     3 |       ||     3
       Bread ration      |       |       |     1 |       ||     1
       Royal jelly       |       |       |       |     3 ||     3
       Fruit             |       |       |       |     1 ||     1
